TOP OF THE 1ST |
Columbus Clippers batting - Pitching for Rochester Red Wings : RHP Bill Rondeau
|
Pitching: RHP Bill Rondeau
|
|
Batting: RHB Chang-wei Jiang
|
0-0: Ball 1-0: SINGLE (Groundball, 6D, EV 95.6 MPH)
|
Batting: LHB Jesus Lozano
|
0-0: Ball Chang-wei Jiang steals 2nd base (no throw) 1-0: Foul Ball, location: 2F 1-1: Ball 2-1: Foul Ball, location: 2F 2-2: Ball 3-2: Fly out, F2 (Popup, 2L, EV 93.1 MPH)
|
Batting: LHB Danny Dunham
|
0-0: Ball Wild Pitch! Chang-wei Jiang to third 1-0: Foul Ball, location: 2F 1-1: Ball 2-1: Ground out 1-3 (Groundball, P, EV 71.9 MPH)
|
Batting: RHB Eddie LaRose
|
0-0: Foul Ball, location: 2F 0-1: Ball 1-1: Foul Ball, location: 2F 1-2: Ball 2-2: Foul Ball, location: 2F 2-2: Ball 3-2: Ground out 6-3 (Groundball, 6, EV 81.2 MPH)
|
Top of the 1st over - 0 runs, 1 hit, 0 errors, 1 left on base; Columbus 0 - Rochester 0 |
BOTTOM OF THE 1ST |
Rochester Red Wings batting - Pitching for Columbus Clippers : RHP Kensaku Shiba
|
Pitching: RHP Kensaku Shiba
|
|
Batting: RHB Cyril Husson
|
0-0: Ball 1-0: Called Strike 1-1: Ground out 5-3 (Groundball, 56S, EV 86.9 MPH)
|
Batting: SHB Ian Thompson
|
0-0: Ball 1-0: Foul Ball, location: 2F 1-1: Ball 2-1: Called Strike 2-2: Foul Ball, location: 2F 2-2: Foul Ball, location: 2F 2-2: Ball 3-2: Foul Ball, location: 2F 3-2: Ground out 4-3 (Groundball, 34D, EV 98.8 MPH)
|
Batting: SHB Dan Morataya
|
0-0: Ball 1-0: Foul Ball, location: 2F 1-1: SINGLE (Groundball, 56S, EV 69.4 MPH) (infield hit)
|
Batting: LHB Jayden Thomas
|
0-0: Foul Ball, location: 2F 0-1: Ball 1-1: Ball 2-1: Ball 3-1: Base on Balls Dan Morataya to second
|
Batting: RHB Juan Espinoza
|
0-0: Called Strike 0-1: Fly out, F9 (Flyball, 9, EV 88.1 MPH)
|
Bottom of the 1st over - 0 runs, 1 hit, 0 errors, 2 left on base; Columbus 0 - Rochester 0 |
TOP OF THE 2ND |
Columbus Clippers batting - Pitching for Rochester Red Wings : RHP Bill Rondeau
|
Batting: LHB Stu Sornson
|
0-0: Called Strike 0-1: Ball 1-1: Ball 2-1: Ball 3-1: Base on Balls
|
Batting: LHB Jim Keefe
|
0-0: Called Strike 0-1: Swinging Strike 0-2: Strikes out swinging
|
Batting: LHB Corey Trevor
|
0-0: Called Strike 0-1: Swinging Strike 0-2: Ball 1-2: Ball 2-2: Foul Ball, location: 2F 2-2: Foul Ball, location: 2F 2-2: Strikes out swinging
|
Batting: RHB Stephen Charbonneau
|
0-0: Ball 1-0: Ball 2-0: Called Strike 2-1: Ball Stu Sornson is caught stealing 2nd base 2-4
|
Top of the 2nd over - 0 runs, 0 hits, 0 errors, 0 left on base; Columbus 0 - Rochester 0 |
BOTTOM OF THE 2ND |
Rochester Red Wings batting - Pitching for Columbus Clippers : RHP Kensaku Shiba
|
Batting: SHB Manny Molina
|
0-0: Foul Ball, location: 2F 0-1: Ball 1-1: Fly out, F7 (Flyball, 7, EV 86.2 MPH)
|
Batting: RHB Manuel Juarez
|
0-0: Fly out, F8 (Flyball, 89M, EV 89.4 MPH)
|
Batting: RHB Ryan Gautney
|
0-0: Foul Ball, location: 2F 0-1: Ball 1-1: Ball 2-1: Swinging Strike 2-2: Ball 3-2: Strikes out swinging
|
Bottom of the 2nd over - 0 runs, 0 hits, 0 errors, 0 left on base; Columbus 0 - Rochester 0 |
TOP OF THE 3RD |
Columbus Clippers batting - Pitching for Rochester Red Wings : RHP Bill Rondeau
|
Batting: RHB Stephen Charbonneau
|
0-0: TRIPLE (Flyball, 9D, EV 89.4 MPH)
|
Batting: LHB Robert Watson
|
0-0: Called Strike 0-1: Ball 1-1: Ball 2-1: Ball 3-1: Base on Balls
|
Batting: RHB Chang-wei Jiang
|
0-0: Ball 1-0: Ball 2-0: Grounds out, U3 (Groundball, 3L, EV 83.8 MPH) Stephen Charbonneau scores
|
Batting: LHB Jesus Lozano
|
0-0: Ball 1-0: Called Strike 1-1: Foul Ball, location: 2F 1-2: Strikes out looking
|
Batting: LHB Danny Dunham
|
0-0: Foul Ball, location: 2F 0-1: Foul Ball, location: 2F 0-2: Ball 1-2: Ground out 5-3 (Groundball, 5, EV 98.8 MPH)
|
Top of the 3rd over - 1 run, 1 hit, 0 errors, 1 left on base; Columbus 1 - Rochester 0 |
BOTTOM OF THE 3RD |
Rochester Red Wings batting - Pitching for Columbus Clippers : RHP Kensaku Shiba
|
Batting: RHB Dan Grable
|
0-0: Foul Ball, location: 2F 0-1: Foul Ball, location: 2F 0-2: Strikes out looking
|
Batting: RHB Cyril Husson
|
0-0: Foul Ball, location: 2F 0-1: Called Strike 0-2: Ball 1-2: Foul Ball, location: 2F 1-2: SINGLE (Groundball, 34D, EV 111.2 MPH)
|
Batting: SHB Ian Thompson
|
0-0: Foul Ball, location: 2F 0-1: Foul Ball, location: 2F 0-2: Strikes out swinging
|
Batting: SHB Dan Morataya
|
0-0: Foul Ball, location: 2F 0-1: Called Strike Cyril Husson is caught stealing 2nd base 2-6
|
Bottom of the 3rd over - 0 runs, 1 hit, 0 errors, 0 left on base; Columbus 1 - Rochester 0 |
TOP OF THE 4TH |
Columbus Clippers batting - Pitching for Rochester Red Wings : RHP Bill Rondeau
|
Batting: RHB Eddie LaRose
|
0-0: Called Strike 0-1: Ball 1-1: Called Strike 1-2: SINGLE (Line Drive, 89M, EV 95.6 MPH)
|
Batting: LHB Stu Sornson
|
0-0: Called Strike 0-1: Swinging Strike 0-2: Foul Ball, location: 2F 0-2: Strikes out swinging
|
Batting: LHB Jim Keefe
|
0-0: Ball 1-0: Ball 2-0: Called Strike Eddie LaRose steals 2nd base 2-1: Ball 3-1: Base on Balls
|
Batting: LHB Corey Trevor
|
0-0: Ball 1-0: Swinging Strike 1-1: Foul Ball, location: 2F 1-2: Foul Ball, location: 2F 1-2: Foul Ball, location: 2F 1-2: Ball 2-2: Ball 3-2: Foul Ball, location: 2F 3-2: Fielders Choice at 2nd, 6-4 (Groundball, 6, EV 103.8 MPH) Eddie LaRose to third
|
Batting: RHB Stephen Charbonneau
|
0-0: Ball 1-0: Swinging Strike 1-1: Ball 2-1: Foul Ball, location: 2F 2-2: Ball Corey Trevor steals 2nd base (no throw) 3-2: Foul Ball, location: 2F 3-2: SINGLE (Groundball, 34D, EV 95.0 MPH) Eddie LaRose scores Corey Trevor to third Runner from 3rd tries for Home, SAFE, throw by RF to home
|
Batting: LHB Robert Watson
|
0-0: Ball 1-0: Fly out, F6 (Popup, 6, EV 74.4 MPH)
|
Top of the 4th over - 2 runs, 2 hits, 0 errors, 1 left on base; Columbus 3 - Rochester 0 |
BOTTOM OF THE 4TH |
Rochester Red Wings batting - Pitching for Columbus Clippers : RHP Kensaku Shiba
|
Batting: SHB Dan Morataya
|
0-0: Called Strike 0-1: Swinging Strike 0-2: Ball 1-2: SINGLE (Groundball, 4MD, EV 108.8 MPH)
|
Batting: LHB Jayden Thomas
|
0-0: Ball 1-0: Ball 2-0: Foul Ball, location: 2F 2-1: Grounds into double play, 4-6-3 (Groundball, 4, EV 81.9 MPH)
|
Batting: RHB Juan Espinoza
|
0-0: Called Strike 0-1: Called Strike 0-2: Foul Ball, location: 2F 0-2: Fly out, F7 (Line Drive, 7LS, EV 95.6 MPH)
|
Bottom of the 4th over - 0 runs, 1 hit, 0 errors, 0 left on base; Columbus 3 - Rochester 0 |
TOP OF THE 5TH |
Columbus Clippers batting - Pitching for Rochester Red Wings : RHP Bill Rondeau
|
Batting: RHB Chang-wei Jiang
|
0-0: Ball 1-0: Reached on error, E6 (Groundball, 6, EV 108.1 MPH)
|
Batting: LHB Jesus Lozano
|
0-0: Ball 1-0: Ball 2-0: SINGLE (Groundball, 6S, EV 60.6 MPH) (infield hit) Chang-wei Jiang to second
|
Batting: LHB Danny Dunham
|
0-0: Called Strike 0-1: Ball 1-1: Foul Ball, location: 2F 1-2: Strikes out swinging
|
Batting: RHB Eddie LaRose
|
0-0: Ball 1-0: Ball 2-0: Ball 3-0: Base on Balls Chang-wei Jiang to third Jesus Lozano to second
|
Batting: LHB Stu Sornson
|
0-0: Ball 1-0: Foul Ball, location: 2F 1-1: SINGLE (Line Drive, 9S, EV 98.1 MPH) Chang-wei Jiang scores Jesus Lozano to third Eddie LaRose to second
|
Batting: LHB Jim Keefe
|
0-0: Called Strike 0-1: Ball 1-1: Swinging Strike 1-2: Ball 2-2: Fly out, F9 (Flyball, 9LS, EV 81.2 MPH)
|
Batting: LHB Corey Trevor
|
0-0: Ball 1-0: Ball 2-0: Ball 3-0: Base on Balls Jesus Lozano scores Eddie LaRose to third Stu Sornson to second
|
Pitching: RHP Alex Rushton
|
|
Batting: RHB Stephen Charbonneau
|
0-0: Foul Ball, location: 2F 0-1: Ball 1-1: Ball 2-1: Foul Ball, location: 2F 2-2: Ball 3-2: Ground out 4-3 (Groundball, 4, EV 85.0 MPH)
|
Top of the 5th over - 2 runs, 2 hits, 1 error, 3 left on base; Columbus 5 - Rochester 0 |
BOTTOM OF THE 5TH |
Rochester Red Wings batting - Pitching for Columbus Clippers : RHP Kensaku Shiba
|
Batting: SHB Manny Molina
|
0-0: Ball 1-0: Called Strike 1-1: Foul Ball, location: 2F 1-2: Ball 2-2: SINGLE (Flyball, 4MD, EV 89.4 MPH)
|
Batting: RHB Manuel Juarez
|
0-0: Fielders Choice at 2nd, 6-4 (Groundball, 6, EV 107.5 MPH)
|
Batting: RHB Ryan Gautney
|
0-0: Ball 1-0: Fly out, F7 (Flyball, 7, EV 91.2 MPH)
|
Batting: RHB Dan Grable
|
0-0: Ball 1-0: Hit by Pitch Manuel Juarez to second
|
Batting: RHB Cyril Husson
|
0-0: Ball 1-0: Called Strike 1-1: Foul Ball, location: 2F 1-2: Foul Ball, location: 2F 1-2: Ground out 4-3 (Groundball, 4, EV 84.4 MPH)
|
Bottom of the 5th over - 0 runs, 1 hit, 0 errors, 2 left on base; Columbus 5 - Rochester 0 |
TOP OF THE 6TH |
Columbus Clippers batting - Pitching for Rochester Red Wings : RHP Alex Rushton
|
Batting: LHB Robert Watson
|
0-0: Foul Ball, location: 2F 0-1: Foul Ball, location: 2F 0-2: Ball 1-2: Ground out 4-3 (Groundball, 34D, EV 103.8 MPH)
|
Batting: RHB Chang-wei Jiang
|
0-0: Foul Ball, location: 2F 0-1: Ball 1-1: SINGLE (Groundball, 6MD, EV 96.2 MPH)
|
Batting: LHB Jesus Lozano
|
0-0: Ball 1-0: Called Strike 1-1: Foul Ball, location: 2F 1-2: Ball 2-2: Foul Ball, location: 2F 2-2: Foul Ball, location: 2F 2-2: Foul Ball, location: 2F 2-2: Foul Ball, location: 2F 2-2: Strikes out looking Chang-wei Jiang is caught stealing 2nd base 2-6 Batter strikes out.
|
Top of the 6th over - 0 runs, 1 hit, 0 errors, 0 left on base; Columbus 5 - Rochester 0 |
BOTTOM OF THE 6TH |
Rochester Red Wings batting - Pitching for Columbus Clippers : RHP Kensaku Shiba
|
Batting: SHB Ian Thompson
|
0-0: Foul Ball, location: 2F 0-1: Foul Ball, location: 2F 0-2: Ball 1-2: Strikes out looking
|
Batting: SHB Dan Morataya
|
0-0: Called Strike 0-1: Foul Ball, location: 2F 0-2: Ground out U3 (Groundball, 34, EV 84.4 MPH)
|
Batting: LHB Jayden Thomas
|
0-0: Ball 1-0: Ball 2-0: Ball 3-0: Base on Balls
|
Batting: RHB Juan Espinoza
|
0-0: Ball 1-0: Ball 2-0: Foul Ball, location: 2F 2-1: Swinging Strike 2-2: Ground out 4-3 (Groundball, 4, EV 99.4 MPH)
|
Bottom of the 6th over - 0 runs, 0 hits, 0 errors, 1 left on base; Columbus 5 - Rochester 0 |
TOP OF THE 7TH |
Columbus Clippers batting - Pitching for Rochester Red Wings : RHP Alex Rushton
|
Batting: LHB Danny Dunham
|
0-0: Ball 1-0: Ball 2-0: Called Strike 2-1: Ball 3-1: Base on Balls
|
Batting: RHB Eddie LaRose
|
0-0: Fly out, F9 (Flyball, 9LS, EV 79.4 MPH)
|
Batting: LHB Stu Sornson
|
0-0: Ball 1-0: Foul Ball, location: 2F 1-1: Ball 2-1: Called Strike 2-2: Strikes out swinging
|
Batting: LHB Jim Keefe
|
0-0: Called Strike 0-1: Ball 1-1: Foul Ball, location: 2F 1-2: Foul Ball, location: 2F 1-2: 2-RUN HOME RUN (Line Drive, 89XD, EV 110.6 MPH), Distance : 407 ft
|
Batting: LHB Corey Trevor
|
0-0: Called Strike 0-1: Ground out 5-3 (Groundball, 56, EV 80.6 MPH)
|
Top of the 7th over - 2 runs, 1 hit, 0 errors, 0 left on base; Columbus 7 - Rochester 0 |
BOTTOM OF THE 7TH |
Rochester Red Wings batting - Pitching for Columbus Clippers : RHP Kensaku Shiba
|
Now at 1B: Gabe White
|
|
Batting: SHB Manny Molina
|
0-0: Ball 1-0: Ball 2-0: Ball 3-0: Called Strike 3-1: Foul Ball, location: 2F 3-2: Base on Balls
|
Batting: RHB Manuel Juarez
|
0-0: Ball 1-0: Swinging Strike 1-1: Swinging Strike 1-2: Ball 2-2: Strikes out swinging
|
Pinch Hitting: RHB Jeremy Witt
|
0-0: Ground out 5-3 (Groundball, 5S, EV 66.2 MPH) Manny Molina to second
|
Batting: RHB Dan Grable
|
0-0: Called Strike 0-1: Ball 1-1: Swinging Strike 1-2: Strikes out looking
|
Bottom of the 7th over - 0 runs, 0 hits, 0 errors, 1 left on base; Columbus 7 - Rochester 0 |
TOP OF THE 8TH |
Columbus Clippers batting - Pitching for Rochester Red Wings : RHP Alex Rushton
|
Now at 1B: Jeremy Witt
|
|
Batting: RHB Stephen Charbonneau
|
0-0: Ball 1-0: Swinging Strike 1-1: Ball 2-1: Swinging Strike 2-2: Ball 3-2: Ground out U3 (Groundball, 34S, EV 89.4 MPH)
|
Batting: LHB Robert Watson
|
0-0: Called Strike 0-1: Ball 1-1: Ball 2-1: Reached on error, E6 (Groundball, 6, EV 101.9 MPH)
|
Batting: RHB Chang-wei Jiang
|
0-0: Called Strike 0-1: SINGLE (Line Drive, 89S, EV 88.1 MPH) Robert Watson to second
|
Pitching: LHP Brian Walters
|
|
Batting: LHB Jesus Lozano
|
0-0: Called Strike 0-1: Ball Wild Pitch! Robert Watson to third Chang-wei Jiang to second 1-1: Fly out, F9 (Flyball, 9LS, EV 86.2 MPH) Runner from 3rd tags up, SCORES, throw by RF
|
Batting: LHB Gabe White
|
0-0: Foul Ball, location: 2F 0-1: Foul Ball, location: 2F 0-2: Foul Ball, location: 2F 0-2: Strikes out swinging
|
Top of the 8th over - 1 run, 1 hit, 1 error, 1 left on base; Columbus 8 - Rochester 0 |
BOTTOM OF THE 8TH |
Rochester Red Wings batting - Pitching for Columbus Clippers : RHP Kensaku Shiba
|
Now at 2B: Justin Barker
|
|
Batting: RHB Cyril Husson
|
0-0: Ball 1-0: Ball 2-0: Foul Ball, location: 2F 2-1: Ball 3-1: Foul Ball, location: 2F 3-2: Foul Ball, location: 2F 3-2: Strikes out swinging
|
Batting: SHB Ian Thompson
|
0-0: Ball 1-0: Swinging Strike 1-1: Ball 2-1: Foul Ball, location: 2F 2-2: SINGLE (Line Drive, 6MD, EV 93.8 MPH)
|
Batting: SHB Dan Morataya
|
0-0: Swinging Strike 0-1: Ball 1-1: Called Strike 1-2: Ball 2-2: SINGLE (Line Drive, 9S, EV 105.0 MPH) Ian Thompson to second
|
Batting: LHB Jayden Thomas
|
0-0: Fielders Choice at 2nd, 3-6 (Groundball, 34S, EV 93.8 MPH) Ian Thompson to third
|
Batting: RHB Juan Espinoza
|
0-0: Ball 1-0: Foul Ball, location: 2F 1-1: Swinging Strike 1-2: Fly out, F9 (Flyball, 9S, EV 79.4 MPH)
|
Bottom of the 8th over - 0 runs, 2 hits, 0 errors, 2 left on base; Columbus 8 - Rochester 0 |
TOP OF THE 9TH |
Columbus Clippers batting - Pitching for Rochester Red Wings : LHP Brian Walters
|
Batting: RHB Eddie LaRose
|
0-0: TRIPLE (Flyball, 89XD, EV 108.8 MPH)
|
Batting: LHB Stu Sornson
|
0-0: Called Strike 0-1: Swinging Strike 0-2: Strikes out swinging
|
Batting: LHB Jim Keefe
|
0-0: Called Strike 0-1: Ball 1-1: Foul Ball, location: 2F 1-2: Foul Ball, location: 2F 1-2: Strikes out swinging
|
Batting: LHB Corey Trevor
|
0-0: Called Strike 0-1: Ball 1-1: Foul Ball, location: 2F 1-2: Strikes out swinging
|
Top of the 9th over - 0 runs, 1 hit, 0 errors, 1 left on base; Columbus 8 - Rochester 0 |
BOTTOM OF THE 9TH |
Rochester Red Wings batting - Pitching for Columbus Clippers : RHP Kensaku Shiba
|
Pitching: RHP Jason Greene
|
|
Now at 2B: Scott Scott
|
|
Now at 3B: Justin Barker
|
|
Batting: SHB Manny Molina
|
0-0: Called Strike 0-1: Fly out, F8 (Flyball, 8RD, EV 77.5 MPH)
|
Batting: RHB Manuel Juarez
|
0-0: Called Strike 0-1: SINGLE (Line Drive, 89S, EV 110.0 MPH)
|
Batting: RHB Jeremy Witt
|
0-0: Foul Ball, location: 2F 0-1: Foul Ball, location: 2F 0-2: Ball Wild Pitch! Manuel Juarez to second 1-2: Foul Ball, location: 2F 1-2: Strikes out looking
|
Batting: RHB Dan Grable
|
0-0: SINGLE (Groundball, 34S, EV 71.9 MPH) (infield hit) Manuel Juarez to third
|
Batting: RHB Cyril Husson
|
0-0: Ball 1-0: Called Strike 1-1: SINGLE (Line Drive, 7S, EV 107.5 MPH) Manuel Juarez scores Dan Grable to second
|
Batting: SHB Ian Thompson
|
0-0: Ball 1-0: Ball 2-0: Called Strike 2-1: Ball 3-1: Called Strike 3-2: Foul Ball, location: 2F 3-2: Base on Balls Dan Grable to third Cyril Husson to second
|
Batting: SHB Dan Morataya
|
0-0: Ball 1-0: Foul Ball, location: 2F 1-1: Ball 2-1: Ball 3-1: Called Strike 3-2: Foul Ball, location: 2F 3-2: Ground out U3 (Groundball, 34, EV 111.2 MPH)
|
Bottom of the 9th over - 1 run, 3 hits, 0 errors, 3 left on base; Columbus 8 - Rochester 1 |
|